 Dungeon Crawl Stone Soup version 0.29-a0-344-ge2f44be95a (webtiles) character file.

Game seed: 16867567684018046239

7 Laraso the Skirmisher (level 1, 11/18 HPs)
             Began as a Demonspawn Fighter on Apr 22, 2022.
             Quit the game on level 1 of the Dungeon.
             The game lasted 00:00:13 (45 turns).

Laraso the Skirmisher (Demonspawn Fighter)            Turns: 45, Time: 00:00:13

Health: 11/18      AC:  6    Str: 16    XL:     1   Next: 83%
Magic:  1/1        EV:  8    Int:  9    God:
Gold:   1          SH:  4    Dex: 12    Spells: 0/0 levels left

rFire   . . .      SeeInvis .   a - +0 flail
rCold   . . .      Faith    .   c - +0 buckler
rNeg    . . .      Spirit   .   b - +0 scale mail
rPois   .          Reflect  .   (no helmet)
rElec   .          Harm     .   (no cloak)
rCorr   .          Rampage  .   (no gloves)
Will    .....                   (no boots)
Stlth   ..........              (no amulet)
HPRegen 0.06/turn               (no ring)
MPRegen 0.07/turn               (no ring)

@: no status effects
A: no striking features
a: no special abilities


You were on level 1 of the Dungeon.
You visited 1 branch of the dungeon, and saw 1 of its levels.

You collected 1 gold pieces.

Inventory:

Hand Weapons
 a - a +0 flail (weapon)
Armour
 b - a +0 scale mail (worn)
 c - a +0 buckler (worn)
Potions
 d - a potion of might


   Skills:
 - Level 3.0 Fighting
 * Level 2.4 Maces & Flails
 - Level 2.6 Armour
 - Level 2.6 Shields


You couldn't memorise any spells.
You didn't know any spells.
Your spell library was empty.

Dungeon Overview and Level Annotations

Branches:
Dungeon (1/15)

Altars:


Message History

You block the goblin's attack.
You closely miss the goblin. The goblin hits you with a +0 dagger.
The goblin hits you but does no damage.
You hit the goblin.
The goblin is moderately wounded.
You block the hobgoblin's attack. The goblin hits you with a +0 dagger.
You closely miss the goblin.
The goblin is moderately wounded.
The hobgoblin hits you. The goblin hits you but does no damage.
You barely miss the goblin.
The goblin is moderately wounded.
The hobgoblin hits you. The goblin closely misses you.
The hobgoblin barely misses you. The goblin hits you with a +0 dagger.
You barely miss the goblin.
The hobgoblin hits you but does no damage.
The goblin hits you but does no damage.
A jackal comes into view.
You barely miss the goblin. The hobgoblin closely misses you.
The goblin barely misses you.
A hobgoblin comes into view.
You sock the goblin!
You kill the goblin!
The hobgoblin closely misses you. x2
Your Maces & Flails skill increases to level 2!
You hit the hobgoblin.
You kill the hobgoblin!
The jackal barely misses you.
You hit the jackal but do no damage. The jackal closely misses you. x2
You hit the jackal but do no damage. The jackal barely misses you.
The jackal closely misses you.
You hit the jackal.
You kill the jackal!
You hit the hobgoblin but do no damage.
The hobgoblin hits you but does no damage.
You sock the hobgoblin!
You kill the hobgoblin!
No target in view!
No target in view!
No target in view!
Are you sure you want to abandon this character and quit the game? (Confirm with "yes".)

.#.##.#
#.....#########
.....#≈≈≈≈..<#
....#≈P..####..
...#≈.≈.≈≈≈#.# ..
..#..≈.≈PP#.# ...
#)#.≈P.P≈.#.# ....#
#@#P≈.≈.P≈#.# .
......#†#≈.≈≈≈.≈#.#
..
#...#+#####'#.###...
###.................
#####......)......
#.............
#...........##
#.............
#.............


There were no monsters in sight!

Vanquished Creatures
  2 goblins (D:1)
  2 hobgoblins (D:1)
  A jackal (D:1)
5 creatures vanquished.

Notes
Turn   | Place    | Note
-------+----------+-------------------------------------------
     0 | D:1      | Laraso the Demonspawn Fighter began the quest for the Orb.
     0 | D:1      | Reached XP level 1. HP: 18/18 MP: 1/1
    45 | D:1      | Quit the game

Illustrated notes

Levels and vault maps discovered:
D:1:      lightli_arrival_flooded_house, layout_basic, serial_shops,
          nicolae_square_shop, nicolae_shop_advertising_works
          [nicolae_subvault_shop_adworks], shop,
          nicolae_shop_bloodbath_and_beyond

Skill      XL: |  1 |
---------------+----+-----
Maces & Flails | 2 |  2.4
Fighting       | |  3.0
Armour         | |  2.6
Shields        | |  2.6

Action                   || total
-------------------------++-------
Melee: Flail             ||    16
Armor: Scale mail        ||     5
Dodge: Dodged            ||    12
Block: Buckler           ||     4

Table legend: (Time is in decaauts)
 A = Elapsed time spent in this place.
 B = Non-inter-level travel time spent in this place.
 C = Inter-level travel time spent in this place.
 D = Time resting spent in this place.
 E = Time spent auto-exploring this place.
 F = Levels seen in this place.
 G = Mean time per level.
                   A        B        C        D        E       F      G
               +--------+--------+--------+--------+--------+-----+--------+
         Total |     51 |     51 |      0 |      0 |     21 |   1 |   51.0 |
       Dungeon |     51 |     51 |      0 |      0 |     21 |   1 |   51.0 |
               +--------+--------+--------+--------+--------+-----+--------+

Top non-repeatable levels by time:
     D:1: 51 daAuts
